 Dungeon Crawl Stone Soup version 0.25-a0-589-g1e14c549ee (webtiles) character file.

Game seed: 4051646590412700347, levelgen mode: deterministic

14 Devinter the Charmwright (level 2, 0/22 HPs)
             Began as a Demonspawn Skald on Mar 10, 2020.
             Slain by a kobold
             ... wielding a +4 short sword of holy wrath
              (1 damage)
             ... on level 1 of the Dungeon.
             The game lasted 00:03:09 (406 turns).

Devinter the Charmwright (Demonspawn Skald)          Turns: 406, Time: 00:03:09

Health: 0/22       AC:  8    Str: 11    XL:     2   Next: 27%
Magic:  5/5        EV:  5    Int: 14    God:
Gold:   11         SH:  0    Dex: 12    Spells: 4/5 levels left

rFire    . . .     SeeInvis .   h - +0 hand axe
rCold    . . .     Gourm    .   (no shield)
rNeg     . . .     Faith    .   e - +0 chain mail
rPois    .         Spirit   .   (no helmet)
rElec    .         Reflect  .   (no cloak)
rCorr    .         Harm     .   (no gloves)
MR       .....                  (no boots)
Stlth    ..........             (no amulet)
HPRegen  0.07/turn              (no ring)
MPRegen  0.09/turn              (no ring)

@: flying
A: rot immunity
a: no special abilities


You were on level 1 of the Dungeon.
You were not hungry.

You visited 1 branch of the dungeon, and saw 1 of its levels.

You collected 11 gold pieces.

Inventory:

Hand Weapons
 a - a +0 hand axe
 h - a +0 hand axe (weapon)
Missiles
 j - 23 arrows
 k - 13 bolts
Armour
 b - a +0 leather armour
 e - a +0 chain mail (worn)
Scrolls
 c - a scroll of identify {unknown}
 f - a scroll of remove curse {unknown}
 i - a scroll of magic mapping {unknown}
 l - a scroll of enchant armour {unknown}
Comestibles
 d - 3 rations


   Skills:
 - Level 2.0 Fighting
 * Level 2.2 Axes
 - Level 1.0 Armour
 - Level 2.0 Dodging
 - Level 2.0 Spellcasting
 + Level 2.9 Charms


You had 4 spell levels left.
You knew the following spells:

 Your Spells              Type           Power        Failure   Level  Hunger
a - Infusion              Chrm           #...         99%         1    ##.....

Your spell library contained the following spells:

 Spells                   Type           Power        Failure   Level  Hunger
 Song of Slaying          Chrm           #.......     99%         2    ###....
 Shroud of Golubria       Chrm/Tloc      #.....       100%        2    ###....
 Ozocubu's Armour         Chrm/Ice       #.......     100%        3    ####...
 Spectral Weapon          Hex/Chrm       #.......     100%        3    ####...


Dungeon Overview and Level Annotations

Branches:
Dungeon (1/15)

Altars:


Innate Abilities, Weirdness & Mutations

You are immune to rotting.


Message History

You hit the rat.
You kill the rat!
You barely miss the kobold.
The kobold hits you with a +4 short sword of holy wrath.
You convulse.
The kobold hits you with a +4 short sword of holy wrath.
* * * LOW HITPOINT WARNING * * *
You convulse.
* * * LOW HITPOINT WARNING * * *
Found a bubbling brown potion.
You aren't carrying any items that you can evoke.
It was a potion of flight.
You feel very buoyant.
You fly up into the air.
You hit the kobold.
The kobold is heavily wounded.
The kobold hits you with a +4 short sword of holy wrath.
* * * LOW HITPOINT WARNING * * *
You convulse.
You die...

#.#...#...##.#.....###.....#
#.#.......##...........(####
######.........##.#.....###.##
..................##...## #.#
######.......#.######.## #.#
.......#....##.# #... ...
########....##.### #.### #.# #
#..........# #.# #.# #
#......###@## #.# #.# #
#.###>.# #K?# # #.# ##(###..#
#######.# #......# ........#
#......# ######### #†###.)# #
#!# #..... # #.# #..### # ...
!...


You could see a kobold.

Vanquished Creatures
  A bat (D:1)
  3 giant cockroaches (D:1)
  A hobgoblin (D:1)
  5 kobolds (D:1)
  2 frilled lizards (D:1)
  2 rats (D:1)
14 creatures vanquished.

Notes
Turn   | Place    | Note
-------+----------+-------------------------------------------
     0 | D:1      | Devinter the Demonspawn Skald began the quest for the Orb.
     0 | D:1      | Reached XP level 1. HP: 16/16 MP: 3/3
    24 | D:1      | Reached skill level 1 in Armour
    61 | D:1      | Reached skill level 2 in Axes
   216 | D:1      | Gained mutation: You are immune to rotting. [demonic
                  | ancestry]
   216 | D:1      | Reached XP level 2. HP: 20/22 MP: 5/5
   283 | D:1      | Reached skill level 2 in Dodging
   399 | D:1      | HP: 1/22 [kobold/+4 short sword of holy wrath (6)]
   406 | D:1      | HP: 1/22 [kobold/+4 short sword of holy wrath (1)]
   406 | D:1      | Slain by a kobold

Levels and vault maps discovered:
D:1:      dpeg_arrival_rhombus, layout_loops_ring, minmay_door_square

Skill      XL: |  1  2 |
---------------+-------+-----
Armour         | 1 |  1.0
Axes           | 2 |  2.2
Dodging        | 2 |  2.0
Fighting       | |  2.0
Spellcasting   | |  2.0
Charms         | |  2.9

Action                   || total
-------------------------++-------
Melee: Hand axe          ||    50
  Use: Potion            ||     1
Armor: Chain mail        ||    27
       Leather armour    ||     3
Dodge: Dodged            ||    24

Table legend:
 A = Non-vault XP
 B = Vault XP
 C = Vault XP percentage of total XP
 D = Non-vault monster count
 E = Vault monster count
 F = Vault count percentage of total count
                 A         B        C        D         E       F
            +---------+---------+-------+---------+---------+-------
      Total |      20 |       0 |   0.0 |      14 |       0 |   0.0
            +---------+---------+-------+---------+---------+-------
        D:1 |      20 |       0 |   0.0 |      14 |       0 |   0.0
            +---------+---------+-------+---------+---------+-------
